SA
DELAWARE 1787 BC @ SYRACUSE STORM
08/09/2029
 
TOP OF THE 1ST
Delaware 1787 BC batting - Pitching for Syracuse Storm : RHP Iván Castillo
Pitching: RHP Iván Castillo
Batting: RHB Toyozo Yamasaki 0-0: Called Strike
0-1: Called Strike
0-2: Strikes out swinging
Batting: RHB Mike Pate 0-0: Called Strike
0-1: Called Strike
0-2: Ball
1-2: Foul Ball, location: 2F
1-2: Fly out, F5 (Line Drive, 5)
Batting: RHB Jeff Quesenberry 0-0: Ball
1-0: Called Strike
1-1: Ball
2-1: Called Strike
2-2: Foul Ball, location: 2F
2-2: Fly out, F7 (Flyball, 7)
Top of the 1st over - 0 runs, 0 hits, 0 errors, 0 left on base; Delaware 0 - Syracuse 0
BOTTOM OF THE 1ST
Syracuse Storm batting - Pitching for Delaware 1787 BC : RHP Jay Mahabir
Pitching: RHP Jay Mahabir
Batting: RHB Tsuginori Kobayashi 0-0: Ball
1-0: Foul Ball, location: 2F
1-1: Ball
2-1: Foul Ball, location: 2F
2-2: Strikes out swinging
Batting: LHB Dave Milligan 0-0: Called Strike
0-1: Foul Ball, location: 2F
0-2: Foul Ball, location: 2F
0-2: Strikes out swinging
Batting: LHB Juan Jimínez 0-0: Ball
1-0: Ball
2-0: Ball
3-0: Called Strike
3-1: Base on Balls
Batting: RHB Vince Staples 0-0: Ball
1-0: Ball
2-0: Called Strike
2-1: Foul Ball, location: 2F
2-2: Strikes out swinging
Bottom of the 1st over - 0 runs, 0 hits, 0 errors, 1 left on base; Delaware 0 - Syracuse 0
TOP OF THE 2ND
Delaware 1787 BC batting - Pitching for Syracuse Storm : RHP Iván Castillo
Batting: RHB John Willoughby 0-0: Swinging Strike
0-1: Foul Ball, location: 2F
0-2: Ground out 3-1 (Groundball, 34)
Batting: RHB Malcolm Campbell 0-0: Ball
1-0: Fly out, F9 (Flyball, 9LMF)
Batting: RHB Elwiin Hund 0-0: Ball
1-0: Ground out 6-3 (Groundball, 6)
Top of the 2nd over - 0 runs, 0 hits, 0 errors, 0 left on base; Delaware 0 - Syracuse 0
BOTTOM OF THE 2ND
Syracuse Storm batting - Pitching for Delaware 1787 BC : RHP Jay Mahabir
Batting: LHB António Paez 0-0: Swinging Strike
0-1: Ball
1-1: Ball
2-1: Foul Ball, location: 2F
2-2: Strikes out swinging
Batting: LHB Mike Clifton 0-0: Fly out, F9 (Flyball, 9LS)
Batting: RHB Harry MacCash 0-0: Called Strike
0-1: Swinging Strike
0-2: Foul Ball, location: 2F
0-2: Ball
1-2: Strikes out looking
Bottom of the 2nd over - 0 runs, 0 hits, 0 errors, 0 left on base; Delaware 0 - Syracuse 0
TOP OF THE 3RD
Delaware 1787 BC batting - Pitching for Syracuse Storm : RHP Iván Castillo
Batting: LHB Hai-feng Tang 0-0: Called Strike
0-1: Ground out 6-3 (Groundball, 6)
Batting: LHB Donovan Inman 0-0: Foul Ball, location: 2F
0-1: Ball
1-1: Fly out, F8 (Line Drive, 8LD)
Batting: RHB Tobias Jimenez 0-0: Ball
1-0: Foul Ball, location: 2F
1-1: Foul Ball, location: 2F
1-2: Strikes out swinging
Top of the 3rd over - 0 runs, 0 hits, 0 errors, 0 left on base; Delaware 0 - Syracuse 0
BOTTOM OF THE 3RD
Syracuse Storm batting - Pitching for Delaware 1787 BC : RHP Jay Mahabir
Batting: LHB Hirohisa Wada 0-0: Called Strike
0-1: Ground out 4-3 (Groundball, 4)
Batting: RHB Luis Pérez 0-0: Fly out, F7 (Flyball, 7LM)
Batting: RHB Tsuginori Kobayashi 0-0: Fly out, F8 (Flyball, 89S)
Bottom of the 3rd over - 0 runs, 0 hits, 0 errors, 0 left on base; Delaware 0 - Syracuse 0
TOP OF THE 4TH
Delaware 1787 BC batting - Pitching for Syracuse Storm : RHP Iván Castillo
Batting: RHB Toyozo Yamasaki 0-0: Called Strike
0-1: SINGLE (Groundball, 6D)
Batting: RHB Mike Pate 0-0: Called Strike
0-1: Ball
1-1: Foul Ball, location: 2F
1-2: Ball
2-2: Grounds into double play, 5-4-3 (Groundball, 5)
Batting: RHB Jeff Quesenberry 0-0: Swinging Strike
0-1: Ball
1-1: Ball
2-1: Ball
3-1: Foul Ball, location: 2F
3-2: Base on Balls
Batting: RHB John Willoughby 0-0: Swinging Strike
0-1: Ball
1-1: Called Strike
1-2: Foul Ball, location: 2F
1-2: Foul Ball, location: 2F
1-2: Foul Ball, location: 2F
1-2: Strikes out swinging
Top of the 4th over - 0 runs, 1 hit, 0 errors, 1 left on base; Delaware 0 - Syracuse 0
BOTTOM OF THE 4TH
Syracuse Storm batting - Pitching for Delaware 1787 BC : RHP Jay Mahabir
Batting: LHB Dave Milligan 0-0: Ball
1-0: Foul Ball, location: 2F
1-1: SINGLE (Flyball, 7LS)
Batting: LHB Juan Jimínez 0-0: Ball
1-0: Fly out, F9 (Flyball, 9LSF)
Batting: RHB Vince Staples 0-0: Called Strike
0-1: Ball
1-1: Ball
2-1: Foul Ball, location: 2F
2-2: Ball
3-2: Fly out, F3 (Popup, 3L)
Batting: LHB António Paez 0-0: Ball
1-0: Foul Ball, location: 2F
1-1: Swinging Strike
1-2: Ball
2-2: Strikes out looking
Bottom of the 4th over - 0 runs, 1 hit, 0 errors, 1 left on base; Delaware 0 - Syracuse 0
TOP OF THE 5TH
Delaware 1787 BC batting - Pitching for Syracuse Storm : RHP Iván Castillo
Batting: RHB Malcolm Campbell 0-0: Ball
1-0: Ball
2-0: Fly out, F7 (Flyball, 78S)
Batting: RHB Elwiin Hund 0-0: Ball
1-0: Ground out U3 (Groundball, 3S)
Batting: LHB Hai-feng Tang 0-0: Ball
1-0: Called Strike
1-1: Foul Ball, location: 2F
1-2: Ground out 4-3 (Groundball, 4)
Top of the 5th over - 0 runs, 0 hits, 0 errors, 0 left on base; Delaware 0 - Syracuse 0
BOTTOM OF THE 5TH
Syracuse Storm batting - Pitching for Delaware 1787 BC : RHP Jay Mahabir
Batting: LHB Mike Clifton 0-0: Ball
1-0: Ball
2-0: Called Strike
2-1: Ground out U3 (Groundball, 34S)
Batting: RHB Harry MacCash 0-0: Ball
1-0: Foul Ball, location: 2F
1-1: Ball
2-1: Ball
3-1: Foul Ball, location: 2F
3-2: Strikes out swinging, 2-3 out at first.
Batting: LHB Hirohisa Wada 0-0: Fly out, F8 (Flyball, 8LD)
Bottom of the 5th over - 0 runs, 0 hits, 0 errors, 0 left on base; Delaware 0 - Syracuse 0
TOP OF THE 6TH
Delaware 1787 BC batting - Pitching for Syracuse Storm : RHP Iván Castillo
Batting: LHB Donovan Inman 0-0: SINGLE (Line Drive, 4D)
Batting: RHB Tobias Jimenez 0-0: Ball
Pickoff Throw to First - Out!
1-0: Foul Ball, location: 2F
1-1: Foul Ball, location: 2F
1-2: Foul Ball, location: 2F
1-2: Ball
2-2: Foul Ball, location: 2F
2-2: Ball
3-2: Ground out 6-3 (Groundball, 6)
Batting: RHB Toyozo Yamasaki 0-0: Ball
1-0: Ball
2-0: Ball
3-0: Called Strike
3-1: Ground out 4-3 (Groundball, 34)
Top of the 6th over - 0 runs, 1 hit, 0 errors, 0 left on base; Delaware 0 - Syracuse 0
BOTTOM OF THE 6TH
Syracuse Storm batting - Pitching for Delaware 1787 BC : RHP Jay Mahabir
Batting: RHB Luis Pérez 0-0: Ball
1-0: Ball
2-0: Called Strike
2-1: Fly out, F7 (Line Drive, 7S)
Batting: RHB Tsuginori Kobayashi 0-0: Fly out, F5 (Line Drive, 56)
Batting: LHB Dave Milligan 0-0: Called Strike
0-1: Ball
1-1: Ball
2-1: Fly out, F8 (Flyball, 8LS)
Bottom of the 6th over - 0 runs, 0 hits, 0 errors, 0 left on base; Delaware 0 - Syracuse 0
TOP OF THE 7TH
Delaware 1787 BC batting - Pitching for Syracuse Storm : RHP Iván Castillo
Batting: RHB Mike Pate 0-0: Ball
1-0: Ball
2-0: Ground out U3 (Groundball, 3)
Batting: RHB Jeff Quesenberry 0-0: Called Strike
0-1: SINGLE (Flyball, 4D)
Pinch Hitting: LHB Bryce Abood 0-0: Ball
1-0: Grounds into double play, 1-6-3 (Groundball, 13S)
Top of the 7th over - 0 runs, 1 hit, 0 errors, 0 left on base; Delaware 0 - Syracuse 0
BOTTOM OF THE 7TH
Syracuse Storm batting - Pitching for Delaware 1787 BC : RHP Jay Mahabir
Now at 1B: Bryce Abood
Batting: LHB Juan Jimínez 0-0: Called Strike
0-1: Fly out, F7 (Flyball, 7LMF)
Batting: RHB Vince Staples 0-0: Foul Ball, location: 2F
0-1: Ball
1-1: Foul Ball, location: 2F
1-2: Fly out, F4 (Line Drive, 4)
Batting: LHB António Paez 0-0: Called Strike
0-1: Swinging Strike
0-2: Ball
1-2: Fly out, F6 (Flyball, 56D)
Bottom of the 7th over - 0 runs, 0 hits, 0 errors, 0 left on base; Delaware 0 - Syracuse 0
TOP OF THE 8TH
Delaware 1787 BC batting - Pitching for Syracuse Storm : RHP Iván Castillo
Batting: RHB Malcolm Campbell 0-0: Swinging Strike
0-1: Fly out, F9 (Flyball, 9S)
Batting: RHB Elwiin Hund 0-0: Ball
1-0: Ball
2-0: Fly out, F7 (Flyball, 7D)
Batting: LHB Hai-feng Tang 0-0: Ball
1-0: Ball
2-0: Hit by Pitch
Batting: LHB Donovan Inman 0-0: Ball
1-0: Swinging Strike
1-1: Ball
2-1: Fielders Choice at 2nd, 5-4 (Groundball, 56)
Top of the 8th over - 0 runs, 0 hits, 0 errors, 1 left on base; Delaware 0 - Syracuse 0
BOTTOM OF THE 8TH
Syracuse Storm batting - Pitching for Delaware 1787 BC : RHP Jay Mahabir
Batting: LHB Mike Clifton 0-0: Called Strike
0-1: Swinging Strike
0-2: Strikes out swinging
Pinch Hitting: LHB William Duffy 0-0: Ball
1-0: Ball
2-0: Ball
3-0: Called Strike
3-1: Base on Balls
Pinch Runner at 1st Javier Sandoval:
Batting: LHB Hirohisa Wada 0-0: Ball
1-0: Called Strike
Javier Sandoval steals 2nd base
1-1: Intentional Walk
Pinch Hitting: RHB Scotty Smalls 0-0: Called Strike
0-1: Called Strike
0-2: Ball
1-2: DOUBLE (Groundball, 5L)
Javier Sandoval scores
Hirohisa Wada to third
Batting: RHB Tsuginori Kobayashi 0-0: Intentional Walk
Pinch Hitting: LHB Gidde Collin 0-0: Called Strike
0-1: Called Strike
0-2: Foul Ball, location: 2F
0-2: Grounds into fielders choice 6-2 (Groundball, 6)
Scotty Smalls to third
Tsuginori Kobayashi to second
Pitching: RHP Juan Perea
Batting: LHB Juan Jimínez 0-0: Foul Ball, location: 2F
0-1: Ball
1-1: Ground out 4-3 (Groundball, 4)
Bottom of the 8th over - 1 run, 1 hit, 0 errors, 3 left on base; Delaware 0 - Syracuse 1
TOP OF THE 9TH
Delaware 1787 BC batting - Pitching for Syracuse Storm : RHP Iván Castillo
Now at 1B: José Trejo
Now at 3B: Javier Sandoval
Now at SS: Scotty Smalls
Now in LF: António Macías
Pinch Hitting: LHB Xuan-ling Liao 0-0: Ground out 6-3 (Groundball, 6)
Batting: RHB Toyozo Yamasaki 0-0: Ball
1-0: Foul Ball, location: 2F
1-1: Ball
2-1: Foul Ball, location: 2F
2-2: Ground out 4-3 (Groundball, 34)
Batting: RHB Mike Pate 0-0: Foul Ball, location: 2F
0-1: Foul Ball, location: 2F
0-2: Foul Ball, location: 2F
0-2: Ball
1-2: Strikes out swinging
Top of the 9th over - 0 runs, 0 hits, 0 errors, 0 left on base; Delaware 0 - Syracuse 1
Tuesday, December 19th, 2017 - OOTP Baseball 18.8 Build 76